Map: Triton LE

Players

Ratl - Winner!

  • Race: Protoss Protoss
  • League: Gold
  • Spawn Location: 11:00

delde

  • Race: Zerg Zerg
  • League: Gold
  • Spawn Location: 5:00

VOD

Have the link to the VOD?

Description

Time

  • Played on: Feb. 17, 2020, 11:32 a.m.
  • Length: 23:43
Show
View Real Time Build Order
Export as new Build Order

Ratl Protoss - Winner!

Build Orders: Double Forge 

Get SALT Encoding   

  12  0:01  Probe  
  13  0:22  Probe  
  13  0:27  Pylon  
  14  0:34  Probe  
  15  0:45  Gateway  
  15  0:46  Probe  
  16  0:58  Probe (Chrono Boost)  
  16  0:59  Assimilator  
  17  1:08  Probe (Chrono Boost)  
  18  1:13  Probe (Chrono Boost)  
  19  1:24  Probe  
  20  1:26  Gateway  
  20  1:35  Cybernetics Core  
  20  1:36  Probe  
  21  1:48  Probe  
  22  1:55  Assimilator  
  22  2:01  Probe  
  23  2:06  Nexus  
  23  2:10  Pylon  
  23  2:18  Warp Gate  
  23  2:28  Probe, Zealot  
  26  2:36  Stalker  
  28  2:40  Probe (Chrono Boost)  
  29  2:45  Pylon  
  29  2:52  Probe (Chrono Boost)  
  30  2:59  Probe (Chrono Boost)  
  30  3:03  Stalker (Chrono Boost)  
  33  3:06  Probe  
  34  3:15  Pylon  
  34  3:18  Probe (Chrono Boost)  
  36  3:23  Stalker (Chrono Boost)  
  36  3:24  Probe (Chrono Boost)  
  37  3:28  Probe (Chrono Boost)  
  37  3:32  Probe (Chrono Boost)  
  37  3:33  Probe (Chrono Boost)  
  39  3:41  Sentry (Chrono Boost)  
  39  3:46  Stalker  
  43  3:56  Pylon  
  43  3:58  Probe x2  
  43  4:00  Pylon  
  45  4:07  Stalker  
  45  4:10  Probe x2  
  45  4:22  Probe x2  
  47  4:27  Robotics Facility  
  47  4:29  Stalker  
  49  4:34  Probe x2  
  51  4:43  Gateway  
  51  4:45  Gateway  
  51  4:47  Gateway  
  51  4:50  Forge  
  51  4:52  Forge x2  
  51  4:56  Assimilator x2  
  51  5:03  Stalker x2  
  53  5:24  Probe x2  
  53  5:28  Nexus  
  55  5:31  Observer  
  56  5:37  Probe (Chrono Boost)  
  56  5:39  Probe (Chrono Boost)  
  58  5:46  Protoss Ground Weapons Level 1, Protoss Ground Armor Level 1, Protoss Shields Level 1  
  58  5:48  Probe (Chrono Boost)  
  58  5:49  Probe (Chrono Boost)  
  60  5:52  Robotics Bay  
  60  5:56  Probe  
  60  5:57  Probe  
  60  5:58  Twilight Council  
  62  6:05  Stalker  
  62  6:08  Stalker  
  62  6:09  Probe x2  
  68  6:12  Stalker  
  70  6:21  Probe  
  70  6:22  Probe  
  72  6:29  Zealot x3  
  78  6:39  Pylon  
  81  6:40  Probe (Chrono Boost)  
  81  6:42  Pylon  
  81  6:45  Probe x2 (Chrono Boost)  
  81  6:46  Assimilator  
  81  6:48  Assimilator  
  81  6:49  Probe (Chrono Boost)  
  81  6:53  Probe x2 (Chrono Boost)  
  84  6:57  Pylon  
  84  6:58  Pylon  
  84  7:08  Probe x3  
  87  7:09  Pylon  
  87  7:11  Stalker  
  87  7:12  Pylon  
  87  7:13  Zealot  
  91  7:20  Probe x2, Templar Archives  
  93  7:24  Pylon  
  93  7:28  Pylon  
  93  7:31  Colossus  
  99  7:40  Probe x2  
  99  7:41  Probe  
  102  7:47  Stalker x2  
  102  7:48  Stalker x3  
  112  7:52  Probe  
  112  7:53  Probe x2  
  116  8:07  Probe (Chrono Boost)  
  116  8:09  Nexus  
  116  8:10  Probe (Chrono Boost), Pylon  
  118  8:13  Pylon  
  118  8:15  Probe (Chrono Boost)  
  118  8:16  Assimilator  
  120  8:20  Probe (Chrono Boost), Assimilator  
  120  8:21  Probe (Chrono Boost)  
  120  8:24  Probe (Chrono Boost)  
  121  8:29  Probe, Colossus  
  128  9:01  Stalker  
  128  9:02  Stalker x3  
  136  9:13  Pylon  
  136  9:15  Pylon  
  136  9:26  Probe x2  
  136  9:27  Probe x2  
  140  9:38  Probe x2, Stalker x5  
  108  9:48  Colossus  
  114  10:08  Forge  
  114  10:09  Forge  
  114  10:10  Forge  
  114  10:15  Pylon  
  114  10:25  Stalker x5  
  124  10:42  Colossus  
  111  10:44  Probe  
  111  10:45  Probe x3  
  111  10:49  Stalker x2  
  115  10:50  Stalker x3  
  115  10:57  Probe x4  
  125  11:05  Gateway  
  125  11:06  Gateway  
  125  11:09  Probe x4  
  129  11:12  Gateway  
  129  11:13  Gateway x2  
  129  11:16  Gateway  
  129  11:18  Gateway  
  129  11:25  Probe x3  
  131  11:26  Probe  
  131  11:27  Stalker  
  131  11:28  Stalker x4  
  143  11:37  Probe x2  
  143  11:38  Probe x2  
  142  11:49  Probe x2  
  142  11:50  Probe x2  
  142  11:53  Photon Cannon  
  142  11:54  Pylon  
  146  11:55  Photon Cannon  
  146  11:59  Photon Cannon  
  146  12:01  Shield Battery, Probe  
  146  12:02  Photon Cannon x2  
  146  12:03  Shield Battery  
  147  12:08  Photon Cannon  
  147  12:09  Photon Cannon  
  147  12:10  Shield Battery, Photon Cannon  
  147  12:14  Stalker  
  147  12:15  Stalker x7  
  159  12:16  Stalker x3  
  159  12:17  Stalker  
  171  12:37  Protoss Ground Weapons Level 2 (Chrono Boost), Protoss Ground Armor Level 2 (Chrono Boost)  
  171  12:48  Probe  
  172  13:04  Pylon  
  172  13:07  Pylon  
  172  13:10  Pylon  
  172  13:13  Gateway  
  172  13:15  Gateway  
  172  13:20  Forge  
  172  13:26  Pylon  
  172  13:27  Pylon x2  
  172  13:29  Pylon  
  172  13:44  Robotics Bay  
  172  14:00  Pylon, Immortal  
  176  14:03  Pylon  
  176  14:06  Pylon  
  176  14:39  Colossus  
  176  14:43  High Templar x5  
  176  14:44  High Templar x7  
  184  14:49  Nexus, Assimilator  
  184  14:51  Pylon  
  162  14:53  Assimilator  
  160  15:02  Archon x5  
  160  15:03  Archon  
  160  15:04  Psionic Storm, Protoss Ground Armor Level 3 (Chrono Boost), Protoss Ground Weapons Level 3 (Chrono Boost)  
  160  15:15  Photon Cannon  
  160  15:17  Photon Cannon x2  
  160  15:18  Photon Cannon  
  160  15:19  Shield Battery  
  160  15:21  Gateway  
  160  15:24  Gateway x2  
  160  15:26  Gateway x2  
  160  15:27  Gateway  
  160  15:30  Gateway  
  160  15:38  Gateway  
  160  15:39  Gateway  
  159  15:56  Colossus  
  165  16:01  Robotics Facility  
  165  16:02  Robotics Facility  
  165  16:30  Stalker x3  
  165  16:31  Stalker x6  
  165  16:32  Stalker x4  
  191  16:33  Stalker x2  
  191  16:36  Nexus  
  195  16:40  High Templar x2  
  195  16:44  Archon  
  199  16:50  Pylon  
  199  16:53  Pylon  
  163  17:06  Probe x3  
  163  17:07  Probe x2  
  117  17:18  Probe (Chrono Boost)  
  106  17:23  Probe x2 (Chrono Boost), Colossus x2  
  106  17:24  Probe x2 (Chrono Boost)  
  106  17:29  Probe (Chrono Boost)  
  115  17:33  Probe x4 (Chrono Boost)  
  115  17:34  Probe (Chrono Boost)  
  112  17:42  Probe  
  113  17:45  Nexus  
  113  17:50  Assimilator  
  85  17:59  Stalker x5  
  85  18:00  Stalker x5  
  85  18:01  Stalker x2  
  85  18:02  Stalker x4  
  85  18:03  Stalker x2  
  121  18:11  Pylon x2  
  121  18:16  Pylon  
  121  18:20  Pylon  
  121  18:27  Pylon  
  121  18:32  High Templar x7  
  121  18:33  High Templar x11  
  157  18:44  Pylon  
  157  18:49  Gateway  
  157  18:50  Gateway  
  157  19:11  Colossus x2 (Chrono Boost)  
  175  19:18  Colossus (Chrono Boost)  
  175  19:19  Gateway  
  175  19:20  Gateway  
  175  19:21  Gateway  
  175  19:26  Gateway  
  175  19:32  Gateway  
  175  19:57  Colossus (Chrono Boost)  
  186  20:02  Probe (Chrono Boost)  
  186  20:03  Probe x2 (Chrono Boost)  
  186  20:04  Probe x3 (Chrono Boost)  
  187  20:10  Probe (Chrono Boost)  
  187  20:12  Probe x5 (Chrono Boost)  
  193  20:22  Probe x2  
  193  20:23  Probe x2, Assimilator  
  197  20:29  High Templar  
  199  20:49  Archon x4  
  199  20:50  Archon x3  
  199  20:51  Archon  
  188  21:20  Stalker x3  
  188  21:21  Stalker x4  
  188  21:24  Assimilator  
  172  21:58  Nexus  
  172  22:00  Pylon, Stalker x2  
  172  22:01  Stalker x14  
  193  22:30  Probe x4  
  195  22:44  Cybernetics Core  
  195  22:45  Pylon  
  195  22:50  Gateway  
  195  22:51  Gateway  
  195  22:52  Gateway  
  195  22:58  Twilight Council  
  195  23:09  Stalker  
  195  23:10  Stalker  
  197  23:18  Probe  
  197  23:19  Probe x5  
  194  23:30  Nexus  
  194  23:31  Probe  
Show
View Real Time Build Order
Export as new Build Order

delde Zerg 

Build Orders: Pool First, Swarm Host 

Get SALT Encoding   

  12  0:01  Drone  
  13  0:08  Drone  
  14  0:19  Overlord  
  14  0:34  Spawning Pool  
  13  0:37  Drone  
  13  0:41  Drone  
  15  0:45  Drone  
  16  0:50  Drone  
  17  1:00  Drone  
  18  1:05  Extractor  
  18  1:10  Drone  
  18  1:21  Drone, Queen  
  21  1:35  Drone  
  22  1:44  Overlord  
  22  1:54  Extractor  
  22  1:55  Drone  
  22  2:04  Drone  
  22  2:07  Lair  
  22  2:08  Hatchery  
  22  2:19  Drone  
  23  2:27  Drone  
  23  2:29  Zergling x4  
  26  2:30  Zergling x2  
  26  2:31  Metabolic Boost  
  27  2:40  Drone  
  28  2:50  Baneling Nest  
  27  3:05  Zergling x6  
  30  3:06  Overlord  
  30  3:20  Drone  
  28  3:43  Zergling x6  
  31  3:51  Drone, Baneling Nest  
  31  3:52  Drone x2  
  33  3:58  Drone  
  33  3:59  Drone x2, Queen  
  35  4:18  Drone  
  35  4:19  Zergling x6  
  38  4:35  Baneling x5  
  38  4:37  Zergling x2  
  39  4:41  Drone x2  
  41  4:51  Hydralisk Den  
  40  4:56  Infestation Pit  
  40  4:57  Spire  
  40  4:58  Zergling x8  
  40  4:59  Drone  
  43  5:01  Overlord  
  38  5:27  Hydralisk x4  
  46  5:35  Swarm Host  
  46  5:41  Drone  
  46  5:42  Drone  
  51  5:46  Extractor  
  51  5:49  Baneling x3  
  50  5:53  Drone  
  50  5:55  Drone  
  52  5:57  Overlord x3  
  52  6:14  Nydus Network  
  51  6:21  Zergling x6  
  54  6:26  Drone x3  
  54  6:27  Drone  
  54  6:30  Extractor  
  57  6:34  Swarm Host  
  57  6:35  Swarm Host  
  63  6:53  Nydus Canal  
  63  6:57  Swarm Host  
  63  6:59  Hatchery  
  63  7:00  Swarm Host  
  68  7:07  Drone x5  
  73  7:19  Swarm Host  
  76  7:23  Overlord x2  
  76  7:42  Swarm Host x2  
  76  7:43  Swarm Host x2  
  88  7:46  Zergling x8  
  88  7:49  Overlord  
  92  8:10  Overlord  
  92  8:11  Overlord x3  
  92  8:18  Nydus Canal  
  92  8:27  Drone x2  
  93  8:28  Swarm Host x2  
  93  8:30  Swarm Host x4  
  111  9:05  Hydralisk x4  
  119  9:27  Drone x2  
  119  9:28  Drone  
  119  9:29  Zergling x4  
  119  9:30  Zergling x4  
  126  10:04  Nydus Canal  
  126  10:09  Drone x3  
  129  10:17  Hatchery  
  128  10:57  Nydus Canal  
  128  11:01  Drone  
  128  11:04  Overlord x6  
  129  11:30  Drone  
  130  11:49  Drone  
  131  11:55  Evolution Chamber  
  131  11:57  Zerg Flyer Weapons Level 1  
  131  11:58  Evolution Chamber  
  131  12:00  Swarm Host  
  131  12:01  Swarm Host x4  
  132  12:04  Hydralisk x8  
  132  12:05  Hydralisk  
  162  12:09  Grooved Spines  
  162  12:15  Evolution Chamber  
  161  12:19  Drone x3  
  161  12:22  Drone  
  165  13:11  Mutalisk x6  
  177  13:13  Mutalisk  
  177  13:14  Mutalisk x2  
  177  13:16  Overlord  
  177  13:17  Overlord x2  
  183  13:21  Muscular Augments  
  183  13:44  Zerg Melee Weapons Level 1  
  183  13:45  Zerg Missile Weapons Level 1  
  183  13:47  Zerg Ground Armor Level 1  
  183  13:52  Zerg Flyer Armor Level 1  
  183  14:04  Drone x5  
  183  14:08  Spine Crawler  
  183  14:09  Spine Crawler  
  186  14:10  Spine Crawler  
  186  14:12  Spine Crawler  
  183  14:20  Spine Crawler  
  183  14:22  Spine Crawler  
  183  14:23  Spore Crawler  
  177  14:24  Spore Crawler, Spine Crawler  
  152  14:59  Hydralisk x3  
  158  15:09  Swarm Host x3  
  167  15:16  Mutalisk  
  169  15:42  Extractor  
  168  16:06  Drone x3, Extractor  
  170  16:16  Hydralisk x5  
  170  16:17  Hydralisk  
  181  16:20  Mutalisk x4  
  181  16:21  Mutalisk x2  
  181  16:24  Zerg Melee Weapons Level 2  
  193  16:25  Zerg Missile Weapons Level 2  
  193  16:27  Zerg Ground Armor Level 2  
  193  16:29  Zerg Flyer Weapons Level 2  
  181  16:58  Overseer  
  135  17:25  Hydralisk x3  
  121  17:47  Drone  
  119  18:12  Hatchery  
  118  18:21  Burrow  
  118  18:22  Drone x3  
  121  18:34  Hydralisk x2  
  121  18:35  Hydralisk  
  127  19:03  Hydralisk x2  
  127  19:04  Hydralisk  
  133  19:10  Spine Crawler x2  
  133  19:12  Spine Crawler  
  133  19:14  Spine Crawler x2  
  133  19:15  Spine Crawler  
  133  19:16  Spine Crawler  
  133  19:17  Spine Crawler  
  122  19:21  Hydralisk x3  
  122  19:22  Hydralisk x2  
  112  19:27  Zergling x2  
  112  19:31  Queen  
  114  19:45  Hydralisk x2  
  114  19:48  Baneling x2  
  114  19:50  Zergling x2  
  114  19:51  Hydralisk x3  
  125  19:57  Hive  
  125  20:05  Zergling x2  
  126  20:52  Nydus Canal  
  126  21:02  Hydralisk x3  
  126  21:04  Zergling x6  
  81  22:10  Hatchery  
Tags
 
Composition
Swarm Host
League
GoldGold
Matchup
PvZ
Spawn Locations
Cross Positions
Add a new tag
Caveats
  • Supply blocks, unpowered buildings, or Contaminate may cause inaccurate times.
  • Supply counts are checked every 10 seconds.